Map: Dusk Towers

Players

llllllllllll - Winner!

  • Race: Terran Terran
  • League: Master

OptimusPrime

  • Race: Terran Terran
  • League: Master

VOD

Have the link to the VOD?

Description

Time

  • Played on: Jan. 21, 2016, 12:02 a.m.
  • Length: 17:33
Show
View Real Time Build Order
Export as new Build Order

llllllllllll Terran - Winner!

Build Orders: Liberator Opening, Reaper Expand, Mech 

Get SALT Encoding   

  12  0:00  SCV  
  13  0:13  SCV  
  14  0:17  Supply Depot  
  14  0:25  SCV  
  15  0:38  SCV  
  15  0:41  Barracks  
  16  0:47  Refinery  
  16  0:50  SCV  
  17  1:03  SCV  
  18  1:15  SCV  
  19  1:30  Orbital Command  
  19  1:31  Reaper  
  20  1:42  Command Center  
  20  1:55  Supply Depot  
  20  1:56  SCV  
  20  2:00  Refinery  
  21  2:08  SCV  
  22  2:12  Factory  
  22  2:22  SCV  
  24  2:27  Barracks Reactor  
  23  2:34  SCV  
  24  2:47  SCV  
  25  2:56  Starport  
  25  2:59  Orbital Command  
  25  3:02  SCV  
  26  3:08  Hellion x2  
  30  3:14  SCV  
  31  3:20  Barracks Tech Lab  
  31  3:21  Liberator  
  31  3:24  SCV  
  31  3:26  SCV  
  33  3:29  Hellion x2  
  37  3:37  SCV  
  37  3:38  SCV  
  42  3:49  SCV  
  42  3:52  Command Center  
  42  3:54  Supply Depot  
  42  3:55  SCV  
  44  4:03  Hellion  
  46  4:15  SCV x2, Hellion  
  50  4:22  Supply Depot  
  50  4:23  Supply Depot  
  50  4:28  Medivac  
  50  4:31  Hellion  
  54  4:33  Factory  
  54  4:43  SCV x2  
  54  4:44  Hellion  
  58  4:52  Hellion  
  58  5:03  SCV x2  
  58  5:05  Hellion  
  62  5:10  SCV  
  65  5:21  Hellion  
  63  5:27  Viking  
  60  5:34  Hellion, Infernal Pre-Igniter  
  60  5:37  SCV  
  60  5:38  SCV  
  60  5:39  Orbital Command  
  60  5:40  Refinery x2  
  60  5:41  Engineering Bay  
  60  5:42  Hellion  
  64  5:44  Factory  
  64  5:46  Factory, Barracks Reactor  
  64  5:56  Hellion  
  67  5:57  SCV x2  
  68  6:09  SCV  
  68  6:10  Missile Turret  
  69  6:14  Missile Turret  
  69  6:15  Missile Turret  
  69  6:23  Supply Depot x2  
  69  6:29  Sensor Tower  
  69  6:30  Factory Tech Lab  
  69  6:32  Factory Tech Lab  
  69  6:38  SCV x2  
  69  6:41  Barracks Reactor  
  69  6:45  SCV  
  70  6:50  SCV x2  
  70  6:52  Siege Tank x2  
  70  6:53  Hellion x2, Siege Tank  
  81  7:03  SCV x2  
  79  7:14  Hellion  
  79  7:15  SCV x2  
  83  7:16  Supply Depot  
  83  7:17  Armory  
  83  7:18  Orbital Command  
  83  7:20  Missile Turret  
  83  7:21  Missile Turret  
  83  7:23  Missile Turret  
  83  7:28  Missile Turret  
  83  7:31  SCV  
  83  7:32  Missile Turret  
  84  7:37  Siege Tank x2  
  84  7:43  SCV x3  
  93  7:48  Hi-Sec Auto Tracking  
  93  8:03  Supply Depot x2  
  93  8:05  Terran Vehicle Weapons Level 1  
  93  8:06  Supply Depot  
  93  8:09  Supply Depot  
  93  8:10  Supply Depot  
  93  8:15  SCV  
  93  8:25  SCV x2, Hellion, Siege Tank x3  
  106  8:32  SCV, Supply Depot x2  
  106  8:33  Supply Depot  
  107  8:37  SCV x2, Viking x2  
  113  8:44  SCV, Refinery  
  113  8:45  Refinery  
  113  8:48  Hellion x2  
  118  8:49  SCV x2  
  118  8:56  SCV  
  118  8:57  Hellion, Siege Tank  
  118  8:59  Thor  
  118  9:01  SCV  
  123  9:06  SCV  
  123  9:08  SCV  
  119  9:31  Siege Tank  
  119  9:32  Hellion x2, Siege Tank, Viking  
  119  9:33  Viking  
  131  9:39  Command Center x2  
  131  9:42  Missile Turret  
  131  9:55  Supply Depot  
  131  9:56  Supply Depot x2  
  131  9:57  Supply Depot x2  
  131  10:01  Terran Vehicle Weapons Level 2  
  131  10:02  Medivac  
  131  10:03  Medivac  
  135  10:09  Missile Turret  
  135  10:11  Missile Turret  
  135  10:15  Missile Turret  
  135  10:18  Missile Turret  
  135  10:20  Missile Turret  
  135  10:23  Siege Tank  
  135  10:24  Siege Tank x2  
  135  10:25  Hellion x2  
  148  10:42  Missile Turret, Sensor Tower  
  148  10:49  SCV x3  
  151  10:57  Orbital Command  
  151  10:58  Refinery  
  151  10:59  Command Center  
  151  11:01  Refinery  
  151  11:12  Missile Turret x2  
  151  11:18  Siege Tank x3  
  160  11:19  Hellion x2  
  160  11:37  Viking x2  
  162  11:46  Planetary Fortress  
  160  11:47  SCV x4  
  157  11:57  Starport x2  
  157  11:58  Starport  
  157  12:22  Viking x2  
  155  12:35  Terran Vehicle Weapons Level 3  
  155  12:36  Viking  
  155  12:37  Viking x2  
  157  12:40  Building Armor  
  157  12:42  Siege Tank  
  157  12:43  Hellion  
  164  12:52  Viking x2  
  168  13:00  Command Center  
  168  13:05  Command Center  
  164  13:14  Armory  
  164  13:17  Starport Tech Lab x2  
  160  13:22  Viking x2, Planetary Fortress  
  160  13:23  Starport Tech Lab  
  160  13:26  Missile Turret  
  162  13:27  Sensor Tower, Refinery  
  162  13:30  Refinery  
  160  13:55  Raven x2, Corvid Reactor  
  164  13:56  Explosive Shrapnel Shells  
  164  13:59  Viking  
  164  14:00  Viking  
  164  14:01  Raven  
  164  14:02  Siege Tank x2  
  180  14:03  Hellion x3  
  180  14:04  Terran Vehicle And Ship Armor Level 1  
  182  14:12  Orbital Command  
  182  14:15  Command Center  
  182  14:18  Command Center  
  182  14:27  Orbital Command  
  182  14:38  Raven  
  173  14:44  Raven x2  
  173  14:45  Viking x2  
  179  14:52  Thor x2  
  191  14:54  Hellbat x2  
  187  15:13  Terran Ship Weapons Level 1  
  178  15:20  Raven  
  165  15:27  Orbital Command  
  168  15:28  Siege Tank  
  168  15:29  Hellion x2, Viking x4  
  168  15:35  Siege Tank x2  
  186  15:50  Hellion x2  
  186  15:59  Viking  
  186  16:00  Siege Tank  
  191  16:07  Hellion  
  191  16:11  Raven x3  
  199  16:24  Command Center  
  197  16:34  Orbital Command  
  197  16:37  Orbital Command  
Show
View Real Time Build Order
Export as new Build Order

OptimusPrime Terran 

Build Orders: Reaper Expand, Bio Tank 

Get SALT Encoding   

  12  0:00  SCV  
  13  0:13  SCV  
  14  0:17  Supply Depot  
  14  0:25  SCV  
  15  0:39  SCV  
  15  0:42  Barracks  
  16  0:45  Refinery  
  16  0:51  SCV  
  17  1:04  SCV  
  18  1:16  SCV  
  19  1:29  Reaper  
  19  1:30  Orbital Command  
  20  1:41  Command Center  
  20  1:52  Supply Depot  
  20  1:57  SCV  
  20  1:58  Refinery  
  21  2:02  Barracks Reactor  
  21  2:09  SCV  
  22  2:21  SCV  
  23  2:24  Factory  
  23  2:33  SCV  
  24  2:39  Marine x2  
  26  2:45  SCV  
  27  2:54  Orbital Command  
  27  2:56  Marine  
  27  2:57  Marine  
  29  3:03  SCV  
  30  3:09  Starport, Factory Tech Lab  
  30  3:14  Marine x2  
  30  3:15  SCV  
  33  3:20  SCV  
  33  3:23  Supply Depot  
  34  3:27  SCV  
  34  3:30  Siege Tank  
  34  3:32  SCV, Marine x2  
  41  3:39  SCV  
  42  3:44  SCV  
  43  3:49  Medivac, Supply Depot  
  43  3:50  Marine  
  43  3:51  Marine  
  43  3:55  SCV  
  48  3:56  SCV  
  48  4:03  Siege Tank  
  48  4:07  SCV  
  48  4:08  SCV  
  48  4:09  Supply Depot  
  53  4:10  Marine x2  
  53  4:12  Supply Depot  
  55  4:23  Viking  
  57  4:26  SCV x2  
  59  4:39  Command Center  
  59  4:43  SCV x2  
  61  4:46  Factory Tech Lab  
  61  4:51  Marauder  
  63  4:55  SCV  
  63  4:58  Stimpack  
  63  4:59  SCV  
  61  5:07  SCV  
  61  5:11  SCV  
  63  5:15  Siege Tank  
  63  5:19  SCV  
  64  5:23  SCV  
  54  5:31  SCV  
  54  5:32  Viking x2  
  54  5:35  SCV  
  60  5:40  Refinery  
  60  5:41  Refinery  
  60  5:43  SCV  
  60  5:46  Barracks  
  60  5:48  Barracks  
  61  5:50  SCV, Engineering Bay  
  61  5:51  Engineering Bay, Orbital Command  
  61  5:56  SCV  
  67  6:14  SCV  
  67  6:17  Orbital Command  
  64  6:26  SCV x2  
  64  6:29  Terran Infantry Weapons Level 1, Terran Infantry Armor Level 1  
  66  6:37  Marauder  
  66  6:38  Medivac, Siege Tank  
  71  6:42  SCV  
  71  6:43  SCV  
  71  6:44  SCV  
  65  6:54  SCV  
  65  6:56  SCV x2  
  64  7:15  Marine x3, Marauder  
  67  7:17  Medivac, Siege Tank  
  67  7:20  SCV x2  
  67  7:21  SCV  
  77  7:28  Barracks x2  
  77  7:30  Barracks  
  77  7:35  Barracks Tech Lab  
  77  7:36  Combat Shields  
  77  7:39  SCV x3  
  77  7:43  Armory  
  80  7:45  Supply Depot  
  80  7:46  Supply Depot  
  80  7:48  Marine x2  
  80  7:50  Starport Reactor  
  80  7:51  SCV x2, Siege Tank  
  85  7:52  SCV  
  88  8:00  Concussive Shells  
  88  8:03  SCV x2  
  90  8:05  SCV  
  90  8:08  Supply Depot  
  90  8:10  Marine x2, Supply Depot, Marauder x2  
  97  8:15  SCV  
  97  8:16  SCV, Command Center  
  97  8:18  SCV  
  100  8:21  Barracks Tech Lab, Barracks Reactor  
  100  8:28  SCV x2  
  100  8:30  SCV  
  100  8:31  Marine x2, Supply Depot  
  100  8:32  Marauder  
  100  8:33  Marauder  
  100  8:34  Siege Tank  
  112  8:35  Viking x2  
  112  8:36  Supply Depot  
  112  8:39  Refinery x2  
  113  8:59  SCV x2  
  113  9:02  SCV  
  110  9:08  Marine x3, Marauder x2  
  110  9:09  Marine, Marauder  
  120  9:11  SCV x2  
  120  9:14  SCV  
  123  9:19  Siege Tank, Viking x2  
  123  9:23  SCV  
  131  9:25  SCV, Terran Infantry Weapons Level 2  
  131  9:26  SCV  
  133  9:35  SCV  
  133  9:37  Marine x4, Marauder x3  
  144  9:40  SCV x2  
  146  9:46  Planetary Fortress  
  146  9:51  Terran Infantry Armor Level 2  
  146  10:06  Medivac x2  
  150  10:07  SCV x3  
  150  10:13  Refinery x2  
  153  10:16  Supply Depot  
  153  10:17  Supply Depot  
  153  10:18  Supply Depot  
  153  10:31  Missile Turret  
  153  10:34  Terran Ship Weapons Level 1  
  153  10:39  Starport, Fusion Core  
  153  10:40  Marine, Starport, Marauder x3  
  153  10:41  Marine x3  
  163  10:51  Command Center  
  163  11:01  Supply Depot x2  
  163  11:03  Supply Depot  
  163  11:10  Thor  
  169  11:13  Marauder x2  
  169  11:15  Marine x4, Marauder  
  177  11:35  Liberator x3  
  174  11:53  Viking  
  185  11:55  Thor  
  185  11:59  Command Center  
  191  12:24  Marine, Marauder  
  191  12:25  Marine x3, Marauder x2  
  198  12:39  Starport Reactor, Starport Tech Lab  
  198  12:42  Marine x2  
  200  12:55  Terran Ship Weapons Level 2  
  200  12:57  Armory  
  200  13:03  Starport  
  200  13:05  Starport  
  200  13:08  Liberator x2  
  198  13:43  Starport Reactor x2  
  198  13:53  Terran Infantry Weapons Level 3, Terran Infantry Armor Level 3  
  198  13:56  Terran Vehicle And Ship Armor Level 1  
  198  14:03  Planetary Fortress  
  198  14:05  Refinery  
  198  14:08  Refinery, Planetary Fortress  
  198  14:09  Command Center  
  198  14:21  Missile Turret  
  198  14:25  Missile Turret  
  198  14:26  Command Center  
  198  14:28  Command Center  
  198  14:35  Starport  
  198  14:36  Starport  
  198  14:38  Starport  
  195  15:01  Liberator  
  195  15:02  Liberator x6  
  195  15:03  Liberator  
  118  15:17  Marine x4, Marauder x3  
  143  15:29  Starport Tech Lab x2  
  143  15:31  Starport Tech Lab  
  143  15:32  Raven  
  143  15:35  Corvid Reactor  
  145  15:42  Orbital Command x2  
  145  15:49  Orbital Command  
  118  16:00  Battlecruiser x3  
  118  16:01  Marine, Marauder x2  
  118  16:02  Marine x3, Marauder  
  118  16:03  Siege Tank  
  143  16:04  Viking x3  
  143  16:05  Viking x3  
  155  16:19  Marine  
  155  16:23  Marauder  
  158  16:27  Raven  
  160  16:34  Marine x3, Marauder x2  
  160  16:37  Marine  
  168  16:44  Marauder  
  170  16:52  Marine  
  170  16:53  Marine x2  
  173  16:55  Command Center, Viking x6  
  173  16:56  Viking  
  173  16:57  Viking  
Tags
 
Add a new tag
Caveats
  • Supply blocks, unpowered buildings, or Contaminate may cause inaccurate times.
  • Supply counts are checked every 10 seconds.